 Dungeon Crawl Stone Soup version 0.31-a0-1300-gb6740aa4e6 (webtiles) character file.

Game seed: 17924250983365307705

76821 Dirtsage the Metamorph (level 15, -18/105 HPs)
             Began as an Octopode Shapeshifter on Dec 14, 2023.
             Was the Champion of the Shining One.
             Shot with an arrow by a naga sharpshooter (20 damage)
             ... on level 1 of the Snake Pit on Dec 18, 2023.
             The game lasted 01:05:39 (19861 turns).

Dirtsage the Metamorph (Octopode Shapeshifter)     Turns: 19861, Time: 01:05:39

Health: -18/105    AC:  5    Str: 15    XL:     15   Next: 54%
Magic:  11/22      EV: 17    Int: 12    God:    the Shining One [******]
Gold:   675        SH:  0    Dex: 18    Spells: 6/14 levels left

rFire   + .          .
                       - Unarmed
rCold   + + .        (no shield)
rNeg    + + +        (helmet restricted)
rPois   +            a - amulet of regeneration
rElec   .            F - ring of protection from fire
rCorr   .            p - +4 ring of slaying
SInv    .            x - ring of protection from fire
Will    +....        I - ring of protection from cold
Stlth   +            L - +4 ring of protection
HPRegen 1.17/turn    P - ring of poison resistance
MPRegen 0.18/turn    H - ring of ice
                     Z - ring of flight

%: no passive effects
@: maw-form, wereblooded, flying, glowing, constricted, studying 3 skills
A: devouring maw, almost no armour, amphibious, 8 rings, camouflage 1,
gelatinous body 1, (nimble swimmer 1), tentacles
a: Begin Untransformation, Renounce Religion, Divine Shield, Cleansing Flame,
Summon Divine Warrior, Brand Weapon With Holy Wrath


You were on level 1 of the Snake Pit.
You worshipped the Shining One.
The Shining One was exalted by your worship.
You were a creature with a mouth for a stomach.
You visited 5 branches of the dungeon, and saw 23 of its levels.
You visited 1 bazaar.
You also visited: Volcano.

You collected 2345 gold pieces.
You spent 1670 gold pieces at shops.

Inventory:

Missiles
 A - 4 curare-tipped darts
Jewellery
 a - an amulet of regeneration (around mantle)
 p - a +4 ring of slaying (right tentacle)
 w - an amulet of magic regeneration
 x - a ring of protection from fire (on tentacle)
 F - a ring of protection from fire (left tentacle)
 H - a ring of ice (on tentacle)
 I - a ring of protection from cold (on tentacle)
 J - an amulet of reflection
 L - a +4 ring of protection (on tentacle)
 P - a ring of poison resistance (on tentacle)
 Q - a ring of wizardry
 W - a ring of wizardry
 Z - a ring of flight (on tentacle)
Talismans
 f - a maw talisman (active)
 T - a storm talisman
Wands
 j - a wand of mindburst (37)
 v - a wand of polymorph (17)
 D - a wand of digging (3)
 E - a wand of flame (32)
 G - a wand of iceblast (15)
 N - a wand of light (3)
Scrolls
 c - 2 scrolls of revelation
 e - a scroll of amnesia
 g - 2 scrolls of fear
 i - 2 scrolls of identify
 m - 2 scrolls of butterflies
 o - 6 scrolls of noise
 s - a scroll of immolation
 t - 10 scrolls of teleportation
 y - 3 scrolls of enchant armour
 B - 6 scrolls of blinking
 R - a scroll of silence
 V - a scroll of poison
 X - 2 scrolls of enchant weapon
Potions
 b - a potion of ambrosia
 d - 2 potions of might
 h - 4 potions of haste
 k - 2 potions of mutation
 l - 7 potions of heal wounds
 n - 4 potions of resistance
 q - 3 potions of curing
 r - 3 potions of attraction
 u - a potion of magic
 z - a potion of enlightenment
 C - a potion of invisibility
 K - 2 potions of berserk rage
 M - 4 potions of lignification
 O - a potion of cancellation
 S - a potion of brilliance
Miscellaneous
 U - a phial of floods
 Y - a phantom mirror


   Skills:
 - Level 10.6 Fighting
 - Level 10.8 Dodging
 - Level 10.9 Unarmed Combat
 - Level 5.6 Summonings
 - Level 6.8 Transmutations
 - Level 9.6 Invocations
 + Level 15.6 Shapeshifting


You had 6 spell levels left.
You knew the following spells:

 Your Spells              Type           Power      Damage    Failure   Level
a - Wereblood             Tmut           16%        N/A       3%          2
b - Summon Cactus Giant   Summ           6%         N/A       99%         6

Your spell library contained the following spells:

 Spells                   Type           Power      Damage    Failure   Level
 Apportation              Tloc           0%         N/A       32%         1
 Kiss of Death            Conj/Necr      0%         2d5       32%         1
 Magic Dart               Conj           0%         1d3       32%         1
 Necrotise                Necr           0%         1d4       32%         1
 Ignite Poison            Fire/Tmut/Pois 5%         N/A       36%         3
 Jinxbite                 Hex            0%         N/A       45%         2
 Scorch                   Fire           0%         2d5       45%         2
 Searing Ray              Conj           0%         2d4       45%         2
 Static Discharge         Conj/Air       0%         3-3/arc   45%         2
 Confusing Touch          Hex            0%         N/A       69%         3
 Gell's Gravitas          Tloc           0%         N/A       69%         3
 Teleport Other           Tloc           0%         N/A       69%         3
 Vampiric Draining        Necr           0%         2d6       69%         3
 Volatile Blastmotes      Fire/Tloc      0%         2d10      69%         3
 Summon Ice Beast         Ice/Summ       10%        N/A       71%         4
 Summon Lightning Spire   Summ/Air       6%         N/A       71%         4
 Alistair's Intoxication  Tmut/Pois      5%         N/A       92%         5
 Irradiate                Conj/Tmut      4%         3d13      92%         5
 Airstrike                Air            0%         2d(0-16)  97%         4
 Dispel Undead            Necr           0%         3d6       97%         4
 Flame Wave               Conj/Fire      0%         2d4       97%         4
 Fulminant Prism          Conj/Hex       0%         3d5       97%         4
 Agony                    Necr           0%         N/A       100%        5
 Lee's Rapid Deconstruct  Erth           0%         3d4*      100%        5
 Dispersal                Tloc           0%         N/A       100%        6
 Animate Armour           Summ/Erth      Unusable   N/A       N/A         4

Dungeon Overview and Level Annotations

Branches:
Dungeon (14/15)            Temple (1/1) D:5            Lair (5/5) D:9
  Swamp (0/4) Lair:2        Snake (1/4) Lair:2        Slime (0/5) Lair:5
    Orc (2/2) D:10            Elf (0/3) Orc:2       Volcano (visited)
 Vaults: D:13-14

Altars:
Ashenzari
Cheibriados
Dithmenos
Elyvilon
Fedhas
Gozag
Hepliaklqana
Kikubaaqudgha
Makhleb
Nemelex Xobeh
Okawaru
Qazlal
Ru
Sif Muna
Trog
Uskayaw
Vehumet
Wu Jian
Xom
Yredelemnul
Zin
The Shining One
Jiyva

Shops:
D:9 *   Orc:2 **:=(?(

Portals:
Trove: D:13 (show abyssal rune of Zot)

Annotations:
D:3 1 runed translucent door, Crazy Yiuf


Innate Abilities, Weirdness & Mutations

You are a creature with a mouth for a stomach.
Your midsection houses a second, enormous mouth.
You cannot wear most types of armour.
You are amphibious.
You can wear up to eight rings at the same time.
Your skin changes colour to match your surroundings (Stealth+).
Your rubbery body absorbs attacks. (AC +1, EV +1)
((You are camouflaged when in or above water. (Stealth+)))
You have tentacles for arms and can constrict up to eight enemies at once.


Message History

The black mamba barely misses you. The anaconda closely misses you.
The anaconda completely misses you. The anaconda closely misses you.
The anaconda bites you but does no damage.
You regained 2 hp, and now have 70/105 hp.
A naga sharpshooter comes into view. It is wielding a +0 flail.
The naga sharpshooter shouts!
The anaconda attacks as it pursues you! The anaconda barely misses you.
The anaconda bites you! The anaconda grabs you. The anaconda barely misses you.
The anaconda constricts you. The anaconda barely misses you.
The anaconda bites you! The anaconda constricts you.
You take 26 damage, and have 44/105 hp.
MASSIVE DAMAGE!!
You escape the anaconda's grasp.
The anaconda attacks as it pursues you! The anaconda grabs you.
The anaconda closely misses you. The anaconda constricts you.
The naga sharpshooter spits poison at you.
The splash of poison hits you but does no damage.
You resist. The anaconda closely misses you. The anaconda constricts you.
You take 3 damage, and have 41/105 hp.
You closely miss the anaconda. You tentacle-slap the anaconda!
Your squeeze misses the anaconda. You bite the anaconda!
The anaconda is moderately wounded.
The naga sharpshooter unwields a +0 flail.
The naga sharpshooter wields a +0 shortbow.
The naga sharpshooter casts a spell.
The naga sharpshooter magically shoots an arrow.
The arrow hits you!
* * * LOW HITPOINT WARNING * * *
The anaconda bites you!
* * * LOW HITPOINT WARNING * * *
The anaconda constricts you.
* * * LOW HITPOINT WARNING * * *
You take 31 damage, and have 10/105 hp.
MASSIVE DAMAGE!!
You bludgeon the anaconda! You squeeze the anaconda. You bite the anaconda!
The anaconda is severely wounded.
The anaconda bites you.
* * * LOW HITPOINT WARNING * * *
The anaconda constricts you.
* * * LOW HITPOINT WARNING * * *
The naga sharpshooter shoots an arrow.
The arrow hits you!!
You die...

.. #.##..###)..###
...#..##.#.......#.
...................#
.#...........S...## .
..##...#######...# .N.
##...###........
....##..###...........
#.....###.S...........
...#.W##............
.. ###SSSS....... .
##SS........
##......... ##........
#........ ........#
......... .........


You could see a naga sharpshooter (catching breath), 3 anacondas, a mana viper
and 2 black mambas.

Vanquished Creatures
  An eleionoma (Lair:2)
  4 hydras
  4 boulder beetles
  2 centaur warriors
  A merfolk avatar (Lair:5)
  A two-headed ogre (D:14)
  A death yak (Lair:5)
  4 orc high priests
  Nergalle (D:10)
  2 skeletal warriors (D:14)
  A sea snake (Lair:5)
  2 skysharks (Lair:5)
  2 deep elf archers (Volcano)
  Pikel (D:5)
  A mana viper (Snake:1)
  5 orc knights (Orc:2)
  6 deep elf pyromancers
  4 manticores
  5 orc sorcerers (Orc:2)
  6 ugly things
  2 black mambas
  11 elephants
  6 kobold blastminers
  4 cyclopes
  2 ice statues
  16 cane toads
  4 kobold demonologists (D:10)
  A torpor snail (Lair:1)
  4 unseen horrors
  3 rime drakes
  An efreet (D:13)
  12 komodo dragons
  Psyche (D:11)
  2 trolls
  3 hornets
  A polar bear (Lair:2)
  3 snapping turtles (Lair:5)
  16 blink frogs
  Prince Ribbit (D:9)
  Grinder (D:4)
  7 dream sheep (Lair:5)
  Sigmund (D:5)
  A spriggan (shapeshifter) (D:9)
  4 fire elementals (Volcano)
  3 wraiths
  2 shadows (D:9)
  5 wyverns
  10 humans (D:14)
  A human (shapeshifter) (D:13)
  25 yaks
  5 water elementals
  9 vampire mosquitoes
  A basilisk (Lair:5)
  Eustachio (D:4)
  A warg (Orc:1)
  4 steam dragons
  5 nagas
  5 hell hounds (Volcano)
  An acid dragon (D:12)
  A swamp drake (D:10)
  21 orc warriors
  10 water moccasins
  An ice beast (D:5)
  2 black bears
  5 ogres
  2 sky beasts
  4 boggarts (D:14)
  16 wolves
  8 centaurs
  A crocodile (D:7)
  4 phantoms
  A lemure (D:5)
  7 kobold brigands
  17 bullfrogs
  7 scorpions
  A gnoll sergeant (D:4)
  3 wights (D:7)
  10 killer bees
  8 electric eels
  A howler monkey (D:4)
  3 iron imps (D:4)
  4 hounds
  26 orc priests
  A sleepcap (D:4)
  Jessica (D:3)
  Natasha (thrice) (D:4)
  3 gnoll boudas
  5 hell rats
  2 iguanas
  22 orc wizards
  Robin (D:3)
  11 gnolls
  5 adders
  A white imp (D:7)
  A worm (D:2)
  3 dart slugs
  86 orcs
  8 bats
  7 endoplasms
  6 giant cockroaches
  14 goblins
  8 hobgoblins
  3 jackals (D:4)
  24 kobolds
  5 quokkas
  12 ball pythons
  7 frilled lizards
  4 rats (D:1)
  A butterfly (Lair:1)
646 creatures vanquished.

Vanquished Creatures (collateral kills)
  2 skeletal warriors (D:14)
  5 humans (D:14)
7 creatures vanquished.

Vanquished Creatures (others)
  A deep elf pyromancer (Volcano)
  2 kobold demonologists (D:13)
  3 kobolds (D:13)
6 creatures vanquished.

Grand Total: 659 creatures vanquished

Notes
Turn   | Place    | Note
-------+----------+-------------------------------------------
     0 | D:1      | Dirtsage the Octopode Shapeshifter began the quest for the
                  | Orb.
     0 | D:1      | Reached XP level 1. HP: 13/13 MP: 1/1
   168 | D:1      | Upgraded the game from 0.31-a0-1225-g50297eb6a4 to
                  | 0.31-a0-1278-g11c5b68f87
   181 | D:1      | Reached XP level 2. HP: 7/18 MP: 2/2
   412 | D:1      | Reached XP level 3. HP: 23/23 MP: 3/3
   948 | D:2      | Identified the +2 chain mail of Sophism {rN++ Dex-5}
  1076 | D:2      | Noticed a scorpion
  1087 | D:2      | Killed a scorpion
  1088 | D:2      | Reached XP level 4. HP: 29/29 MP: 4/4
  1121 | D:2      | Reached skill level 4 in Shapeshifting
  1148 | D:2      | Reached XP level 5. HP: 22/34 MP: 5/5
  1377 | D:2      | Found a faded altar of an unknown god.
  1692 | D:3      | Learned a level 2 spell: Wereblood
  2020 | D:3      | Found a runed translucent door.
  2021 | D:3      | Noticed Crazy Yiuf
  2166 | D:3      | Noticed Robin
  2173 | D:3      | Killed Robin
  2174 | D:3      | Reached XP level 6. HP: 34/41 MP: 6/6
  2418 | D:3      | Noticed Jessica
  2421 | D:3      | Killed Jessica
  2650 | D:4      | Noticed Grinder
  2650 | D:4      | Found a shadowy altar of Dithmenos.
  2692 | D:4      | Noticed Natasha
  2722 | D:4      | Found a burning altar of Makhleb.
  2889 | D:4      | Killed Natasha
  2911 | D:4      | Reached skill level 5 in Shapeshifting
  2911 | D:4      | Reached XP level 7. HP: 23/46 MP: 7/7
  3036 | D:4      | Killed Grinder
  3360 | D:4      | Reached XP level 8. HP: 23/54 MP: 8/8
  3434 | D:4      | Reached skill level 5 in Unarmed Combat
  3481 | D:4      | Noticed Natasha
  3485 | D:4      | Reached skill level 6 in Shapeshifting
  3492 | D:4      | Killed Natasha
  3722 | D:4      | Noticed Natasha
  3730 | D:4      | Killed Natasha
  4305 | D:4      | Noticed Eustachio
  4314 | D:4      | Killed Eustachio
  4574 | D:5      | Entered Level 5 of the Dungeon
  4577 | D:5      | Found a stormy altar of Qazlal.
  4579 | D:5      | Found a snail-covered altar of Cheibriados.
  4726 | D:5      | Found a staircase to the Ecumenical Temple.
  4737 | D:5      | Reached skill level 5 in Dodging
  4747 | D:5      | Noticed Pikel
  4749 | Temple   | Entered the Ecumenical Temple
  4771 | Temple   | Became a worshipper of the Shining One
  4808 | D:5      | Killed Pikel
  4809 | D:5      | Reached skill level 5 in Fighting
  4809 | D:5      | Reached skill level 7 in Shapeshifting
  4809 | D:5      | Reached XP level 9. HP: 56/61 MP: 9/9
  4863 | D:5      | You fall into a shaft and drop 2 floors!
  4892 | D:5      | Noticed Sigmund
  4927 | D:5      | Killed Sigmund
  5235 | D:5      | Found an ornate altar of the Wu Jian Council.
  5395 | D:5      | Reached skill level 1 in Invocations
  5395 | D:5      | Reached skill level 8 in Shapeshifting
  5893 | D:6      | Found a glowing silver altar of Zin.
  5893 | D:6      | Found an opulent altar of Gozag.
  6111 | D:6      | Reached XP level 10. HP: 61/68 MP: 11/11
  7050 | D:7      | Found a sparkling altar of Nemelex Xobeh.
  7148 | D:7      | Reached * piety under the Shining One
  7152 | D:7      | Reached skill level 9 in Shapeshifting
  8011 | D:9      | Noticed an unseen horror
  8014 | D:9      | Killed an unseen horror
  8152 | D:9      | Reached ** piety under the Shining One
  8318 | D:9      | Found a staircase to the Lair.
  8403 | D:9      | Reached XP level 11. HP: 63/75 MP: 14/14
  8477 | D:9      | Noticed Prince Ribbit
  8487 | D:9      | Killed Prince Ribbit
  8508 | D:9      | Found Gek Vim's Lightly-Used Armoury.
  8552 | D:9      | Reached skill level 10 in Shapeshifting
  8933 | D:10     | Entered Level 10 of the Dungeon
  9011 | D:10     | Reached skill level 5 in Invocations
  9077 | D:10     | Found a staircase to the Orcish Mines.
  9378 | D:10     | Noticed Nergalle
  9384 | D:10     | Killed Nergalle
  9388 | D:10     | Noticed a soul eater
  9388 | D:10     | Noticed a sun demon
  9526 | D:10     | Found a white marble altar of Elyvilon.
  9850 | Lair:1   | Entered Level 1 of the Lair of Beasts
  9927 | Lair:1   | Reached *** piety under the Shining One
  9965 | Lair:1   | Reached skill level 1 in Transmutations
 10014 | Lair:1   | Noticed a boulder beetle
 10035 | Lair:1   | Killed a boulder beetle
 10268 | Lair:1   | Reached XP level 12. HP: 82/82 MP: 16/16
 10269 | Lair:1   | Reached skill level 11 in Shapeshifting
 10706 | Lair:2   | Found a staircase to the Snake Pit.
 11268 | Lair:2   | Reached **** piety under the Shining One
 11666 | Lair:2   | Noticed an eleionoma
 11771 | Lair:2   | Found a staircase to the Swamp.
 11964 | Lair:2   | Killed an eleionoma
 12034 | Lair:3   | Reached skill level 12 in Shapeshifting
 12037 | Lair:3   | Reached XP level 13. HP: 90/90 MP: 16/18
 12157 | Lair:3   | Found a dark tunnel.
 12162 | Volcano  | Entered a volcano
 12241 | Volcano  | Upgraded the game from 0.31-a0-1278-g11c5b68f87 to
                  | 0.31-a0-1300-gb6740aa4e6
 12685 | Lair:3   | Reached skill level 5 in Transmutations
 13184 | Lair:4   | Reached skill level 10 in Unarmed Combat
 13431 | Lair:4   | Identified the +1 robe "Igad" {+Blink rPois Regen+ Int-4}
 13659 | Lair:5   | Entered Level 5 of the Lair of Beasts
 13825 | Lair:5   | Reached skill level 1 in Summonings
 13862 | Lair:5   | Reached skill level 10 in Dodging
 14050 | Lair:5   | Reached XP level 14. HP: 98/98 MP: 20/20
 14076 | Lair:5   | Reached skill level 10 in Fighting
 14158 | Lair:5   | Found an ancient bone altar of Kikubaaqudgha.
 14261 | Lair:5   | Found a staircase to the Slime Pits.
 14262 | Lair:5   | Found a viscous altar of Jiyva.
 14394 | Lair:5   | Reached ***** piety under the Shining One
 14488 | Lair:5   | Identified the +2 mace of the Shrinking Sybil {holy, rF+
                  | Str+5}
 14509 | Lair:5   | Identified the +7 quarterstaff of the Incandescent {heavy,
                  | rElec Str-5 Int+5}
 14840 | Lair:5   | Saving game... please wait.
 14847 | Lair:5   | Learned a level 6 spell: Summon Cactus Giant
 15309 | D:11     | Noticed Psyche
 15318 | D:11     | Killed Psyche
 15782 | D:12     | Got the Spellbook of the Hot Blizzard
 15783 | D:12     | Identified the +4 scale mail of Youthful Indiscretion
                  | {Int+4 Dex+4 Stlth-}
 15816 | D:12     | Reached skill level 5 in Summonings
 15974 | D:12     | Identified the +5 great sword of Iconoclasm {heavy, rElec
                  | rF++}
 16437 | D:12     | Identified a scroll of acquirement
 16437 | D:12     | Acquired a manual of Invocations
 16571 | D:13     | Found a portal to a secret trove of treasure.
 16645 | D:13     | Found a flickering gateway to a bazaar.
 16688 | Bazaar   | Entered a bazaar
 16730 | Bazaar   | Found Bozummya's Armour Boutique.
 16734 | Bazaar   | Found Boetewn's Distillery.
 16734 | Bazaar   | Found Uteses's Jewellery Boutique.
 16735 | Bazaar   | Found Dereqej's Assorted Antiques.
 16740 | Bazaar   | Bought a dark potion for 18 gold pieces
 16767 | Bazaar   | Bought a storm talisman for 880 gold pieces
 16772 | Bazaar   | Bought a potion of heal wounds for 70 gold pieces
 16772 | Bazaar   | Bought a potion of curing for 42 gold pieces
 16772 | Bazaar   | Bought a potion of lignification for 42 gold pieces
 16772 | Bazaar   | Bought a potion of mutation for 112 gold pieces
 16772 | Bazaar   | Bought a potion of might for 56 gold pieces
 17166 | D:13     | Reached skill level 13 in Shapeshifting
 17629 | D:14     | Reached XP level 15. HP: 40/105 MP: 15/22
 17834 | D:14     | Found a shimmering altar of Xom.
 17874 | D:14     | Reached skill level 14 in Shapeshifting
 18245 | Orc:1    | Entered Level 1 of the Orcish Mines
 18511 | Orc:2    | Entered Level 2 of the Orcish Mines
 18532 | Orc:2    | Found a staircase to the Elven Halls.
 18694 | Orc:2    | Found Acicwoa's General Store.
 18708 | Orc:2    | Found Aleutief's Specific Store.
 18813 | Orc:2    | Reached skill level 15 in Shapeshifting
 18845 | Orc:2    | Reached ****** piety under the Shining One
 18866 | Orc:2    | Found Rus Wost's Antique Weapon Emporium.
 18866 | Orc:2    | Found Rymoh Ira's Jewellery Emporium.
 18910 | Orc:2    | Found Qupham's Magic Scroll Shop.
 18910 | Orc:2    | Found Xamni's Antique Weapon Shop.
 18920 | Orc:2    | Bought a scroll of revelation for 90 gold pieces
 18920 | Orc:2    | Bought a scroll of fear for 48 gold pieces
 18930 | Orc:2    | Bought a ring of poison resistance for 240 gold pieces
 19082 | Orc:2    | Found Wuytipuny's Self-Improvement Boutique.
 19621 | Orc:2    | Bought 3 scrolls of identify for 72 gold pieces
 19805 | Snake:1  | Entered Level 1 of the Snake Pit
 19861 | Snake:1  | HP: 5/105 [anaconda[a naga ritualist] (6)]
 19861 | Snake:1  | HP: 2/105 [constriction[a naga ritualist] (3)]
 19861 | Snake:1  | Shot with an arrow by a naga sharpshooter

Illustrated notes

Levels and vault maps discovered:
D:1:      dpeg_arrival_simpleton_a, layout_basic, minmay_misc_feat_ornament,
          minmay_cut_off
D:2:      layout_basic, dilly_ecumenical_altar_fadedgnrine, minmay_tall_x
D:3:      layout_loops_corners, uniq_crazy_yiuf_cottage, uniq_jessica,
          uniq_robin
D:4:      layout_basic, demons_altar, grunt_dithmenos_smoke, minmay_manual_mail,
          uniq_natasha, uniq_grinder, uniq_eustachio
D:5:      layout_rooms, mainiacjoe_overflow_surrounded_room,
          chequers_temple_overflow_statue_of_worship,
          minmay_temple_entry_offerings, serial_co_window_serial,
          co_window_corner_a, co_window_corner_a, co_window_of_opportunity_a,
          co_window_corner_a, co_window_corner_a, co_window_broadway_b,
          co_window_paths_c, co_window_corner_b, co_window_corner_b,
          glass_columns_b, glass_columns_a, glass_columns_a, glass_columns_c,
          uniq_pikel, uniq_sigmund
D:6:      layout_basic, grunt_temple_overflow_gold_and_silver
D:7:      layout_basic, general_overflow_altar, kennysheep_small_circle
D:8:      layout_basic
D:9:      layout_basic, lair_entry_dummy, fungi_pond_lemuel, grunt_ministairs_6,
          minmay_shop_damaged, minmay_puff, uniq_prince_ribbit1
D:10:     layout_irregular_city, lemuel_tele_altar, erik_orc_1, uniq_nergalle
D:11:     layout_cave_pools, nrook_loot_triangle, minmay_misc_feat_columns,
          uniq_psyche
D:12:     statuecave_lemuel, layout_irregular_city
D:13:     lemuel_ice_statue, layout_basic, serial_shops, freezing_bzr,
          nicolae_trove_entry_isolated
D:14:     layout_grid_maze, grunt_vaults_entry_tiered,
          regret_index_xom_buried_treasure
Temple:   nicolae_temple_bog_church
Lair:1:   layout_concentric_octagons, lemuel_fruit_fields
Lair:2:   layout_cave_shapes, alex1729_swamp_entry_worm_eleionoma,
          minmay_snake_entry_guardpost_small, st_stairs_4
Lair:3:   layout_regular_city, enter_volcano_4, chequers_serial_rivers_room_a,
          chequers_serial_rivers_large_a
Lair:4:   layout_misc_corridors
Lair:5:   gammafunk_lair_ancient_temple, layout_regular_city, slime_entry_1,
          basic_altar, minivault_11, serial_bayou_pond_b, serial_bayou_shore_a
Snake:1:  layout_onion, nicolae_snake_serpentine_bazaar
Orc:1:    layout_diamond_mine
Orc:2:    st_orc_elflike, layout_caves, nicolae_specific_store,
          nicolae_shop_self_help

Skill      XL: |  1  2  3  4  5  6  7  8  9 10 11 12 13 14 15 |
---------------+----------------------------------------------+-----
Fighting       | 2 3 5 6 7 8 9 10 | 10.6
Shapeshifting  | 4 5 7 8 9 10 12 13 15 | 15.6
Dodging        | 3 4 5 6 7 8 9 10 | 10.8
Unarmed Combat | 4 6 7 8 9 10 | 10.9
Invocations    | 2 4 6 7 8 9 |  9.6
Transmutations | 1 4 5 6 |  6.8
Summonings     | 2 5 |  5.6

Action                     |  1- 3 |  4- 6 |  7- 9 | 10-12 | 13-15 || total
---------------------------+-------+-------+-------+-------+-------++-------
  Melee: Unarmed           |    58 |   135 |   212 |   489 |   682 ||  1576
         Constrict         |     9 |    33 |    53 |   123 |   147 ||   365
         Tentacles         |     7 |    29 |    60 |   160 |   268 ||   524
         Punch             |     1 |     6 |     5 |    41 |    73 ||   126
         Maw               |       |       |       |   209 |   371 ||   580
  Throw: Dart              |       |       |       |     2 |     3 ||     5
   Cast: Wereblood         |       |       |       |     9 |    39 ||    48
 Invoke: Divine Shield     |       |       |       |     2 |     4 ||     6
         Summon Divine War |       |       |       |       |     1 ||     1
  Evoke: Wand              |       |       |       |     2 |    10 ||    12
    Use: Potion            |     1 |       |     2 |     1 |     1 ||     5
         Scroll            |       |       |    10 |     9 |    10 ||    29
   Stab: Sleeping          |     7 |     5 |     3 |       |       ||    15
         Distracted        |     1 |       |       |       |       ||     1
 Armour: Skin              |    27 |    49 |    81 |   221 |   389 ||   767
  Dodge: Dodged            |    37 |    69 |   148 |   395 |   432 ||  1081
  Block: Other             |       |       |       |     7 |    18 ||    25
   Form: Flux              |       |       |     1 |       |       ||     1
         Maw               |       |       |       |     1 |       ||     1

Table legend: (Time is in decaauts)
 A = Elapsed time spent in this place.
 B = Non-inter-level travel time spent in this place.
 C = Inter-level travel time spent in this place.
 D = Time resting spent in this place.
 E = Time spent auto-exploring this place.
 F = Levels seen in this place.
 G = Mean time per level.
                   A        B        C        D        E       F      G
               +--------+--------+--------+--------+--------+-----+--------+
         Total |  19663 |  18174 |   1489 |    603 |  13390 |  25 |  786.5 |
       Dungeon |  12951 |  12298 |    653 |    434 |   9397 |  14 |  925.1 |
        Temple |     43 |      7 |     36 |      0 |      0 |   1 |   43.0 |
          Lair |   4894 |   4256 |    638 |    129 |   2924 |   5 |  978.8 |
     Snake Pit |     41 |     41 |      0 |      0 |      7 |   1 |   41.0 |
  Orcish Mines |   1386 |   1226 |    160 |      0 |    933 |   2 |  693.0 |
        Bazaar |     88 |     88 |      0 |     40 |     22 |   1 |   88.0 |
       Volcano |    256 |    256 |      0 |      0 |    107 |   1 |  256.0 |
               +--------+--------+--------+--------+--------+-----+--------+

Top non-repeatable levels by time:
     D:4: 1722 daAuts
  Lair:1: 1455 daAuts
     D:3: 1402 daAuts
  Lair:5: 1200 daAuts
     D:5: 1139 daAuts
     D:9: 1048 daAuts
    D:10: 1014 daAuts
     D:1: 926 daAuts
  Lair:3: 923 daAuts
   Orc:2: 894 daAuts
    D:12: 875 daAuts
    D:14: 853 daAuts
  Lair:2: 819 daAuts
     D:6: 758 daAuts
    D:13: 731 daAuts
